 Dungeon Crawl Stone Soup version 0.19.0-24-gb05acd6 (webtiles) character file.

121 joejoepie the Covert (level 4, -5/23 HPs)
             Began as a Spriggan Assassin on Nov 21, 2016.
             Was an Initiate of Dithmenos.
             Killed by divine providence
             ... invoked by an orc priest
              (12 damage)
             ... on level 3 of the Dungeon.
             The game lasted 00:24:18 (2617 turns).

joejoepie the Covert (Spriggan Assassin)            Turns: 2617, Time: 00:24:25

Health: -5/23      AC:  3    Str:  8    XL:     4   Next: 76%
Magic:  0/5        EV: 17    Int: 12    God:    Dithmenos [......]
Gold:   70         SH:  0    Dex: 17    Spells: 0 memorised, 3 levels left

rFire  . . .     SeeInvis +     a - +2 dagger
rCold  . . .     Gourm    .     p - +0 robe
rNeg   . . .     Faith    .     (shield restricted)
rPois  .         Spirit   +     (helmet restricted)
rElec  .         Reflect  .     d - +0 cloak
rCorr  .         Harm     .     (gloves unavailable)
MR     .....                    (boots unavailable)
Stlth  ++++......               m - amulet of guardian spirit
                                (no ring)
                                (no ring)

@: very quick
A: unfitting armour, see invisible, herbivore 3, speed 3, slow metabolism 2
a: Renounce Religion


You were on level 3 of the Dungeon.
You worshipped Dithmenos.
Dithmenos was noncommittal.
You were not hungry.

You visited 1 branch of the dungeon, and saw 3 of its levels.

You collected 70 gold pieces.

Inventory:

Hand Weapons
 a - a +2 dagger (weapon)
 b - a +0 blowgun
 j - a +0 short sword
 o - a +0 hunting sling
 q - a +0 blowgun
Missiles
 e - 13 poisoned needles
 f - 14 curare-tipped needles
 k - 81 stones (quivered)
 r - 8 exploding tomahawks
 t - 23 sling bullets
Armour
 c - a +0 robe
 d - a +0 cloak (worn)
 p - a +0 robe (worn)
Jewellery
 h - an uncursed amulet of regeneration
 m - an amulet of guardian spirit (around neck)
Scrolls
 l - 2 scrolls of teleportation {unknown}
 n - a scroll of identify
 s - 2 scrolls of remove curse {unknown}
Comestibles
 g - 2 bread rations
 i - a slice of pizza


   Skills:
 * Level 1.9 Fighting
 + Level 2.8 Short Blades
 + Level 2.4 Throwing
 + Level 2.0 Dodging
 * Level 8.3 Stealth


You had 3 spell levels left.
You didn't know any spells.

Dungeon Overview and Level Annotations

Branches:
Dungeon (3/15)

Altars:
Dithmenos
Fedhas


Innate Abilities, Weirdness & Mutations

You are very small and have problems with some larger weapons.
You are too small for most types of armour.
You have supernaturally acute eyesight. (SInv)
You are a herbivore.
You cover ground extremely quickly.
You need consume almost no food.


Message History

The orc priest looks satisfied for a moment.
You see here a poisoned needle.
The orc shouts!
The rat closely misses you.
Items here: ))) †††† You barely miss the rat.
The rat bites you but does no damage.
You barely miss the rat. You completely miss the rat.
The rat bites you but does no damage.
You closely miss the rat. The rat completely misses you.
The orc priest calls down the wrath of Beogh upon you.
Beogh smites you!
You aren't carrying any potions.
Okay, then.
You hit the rat.
You kill the rat!
Dithmenos accepts your kill.
The orc priest calls down the wrath of Beogh upon you.
Beogh smites you!
Ouch! That really hurt!
You die...

#)# #.#..#.#
#####.########.#.##.###
.)...................†#
#####.########.#.##.###
#.# #.#.##.# #†#
#.#.##.# #.# #.#.##.#
#.# #.#)##[# #.#
#.#@##.# #.# #.#o##.#
#.# #.#(##.# #.#
#.#o##.# ..#
#####.#o##.#
......o....#
######..#..# #..#..#
........# .#


You could see 2 orc priests and 2 orcs.

Vanquished Creatures
  5 adders
  An ooze (D:2)
  2 worms (D:3)
  2 dart slugs (D:1)
  4 orcs (D:3)
  A ball python (D:1)
  4 bats
  2 giant cockroaches
  7 goblins
  5 hobgoblins
  11 kobolds
  2 frilled lizards
  14 rats
60 creatures vanquished.

Notes
Turn   | Place    | Note
-------+----------+-------------------------------------------
     0 | D:1      | joejoepie the Spriggan Assassin began the quest for the Orb.
     0 | D:1      | Reached XP level 1. HP: 10/10 MP: 2/2
    40 | D:1      | Reached skill level 6 in Stealth
   133 | D:1      | Reached XP level 2. HP: 9/14 MP: 3/3
   685 | D:1      | Reached skill level 7 in Stealth
   850 | D:1      | Reached XP level 3. HP: 18/18 MP: 4/4
  1161 | D:2      | Found a blossoming altar of Fedhas.
  1394 | D:2      | Found a faded altar of an unknown god.
  2020 | D:2      | Reached XP level 4. HP: 23/23 MP: 5/5
  2172 | D:3      | Reached skill level 8 in Stealth
  2220 | D:3      | Found a shadowy altar of Dithmenos.
  2312 | D:3      | Became a worshipper of Dithmenos the Shadowed
  2617 | D:3      | Killed from afar by an orc priest

Skill      XL: |  1  2  3  4 |
---------------+-------------+-----
Stealth        | 6 7 8 |  8.3
Dodging        | 2 |  2.0
Fighting       | |  1.9
Short Blades   | |  2.8
Throwing       | |  2.4

Action                   |  1- 3 |  4- 6 || total
-------------------------+-------+-------++-------
Melee: Dagger            |   106 |    78 ||   184
 Fire: Blowgun           |    33 |     3 ||    36
Throw: Stone             |     2 |       ||     2
  Use: Scroll            |     5 |       ||     5
       Potion            |     5 |       ||     5
 Stab: Sleeping          |     9 |     5 ||    14
       Distracted        |     2 |       ||     2
Armor: Robe              |    11 |     4 ||    15
Dodge: Dodged            |    72 |    35 ||   107
